 Dungeon Crawl Stone Soup version 0.22-a0-113-gdd6f4a9 (webtiles) character file.

140833 Gorice the Impregnable (level 17, -1/170 HPs)
             Began as a Hill Orc Gladiator on Jan 27, 2018.
             Was the Champion of Beogh.
             Slain by a wolf spider (3 damage)
             ... on level 1 of the Spider Nest on Jan 28, 2018.
             The game lasted 02:56:27 (45247 turns).

Gorice the Impregnable (Hill Orc Gladiator)        Turns: 45247, Time: 02:56:28

Health: -1/170     AC: 35    Str: 23    XL:     17   Next: 31%
Magic:  17/17      EV:  9    Int:  9    God:    Beogh [******]
Gold:   1480       SH:  0    Dex: 15    Spells: 16/16 levels left

rFire    . . .     SeeInvis .   a - +2 scimitar (flame)
rCold    . . .     Gourm    +   (no shield)
rNeg     . . .     Faith    .   V - +3 plate armour
rPois    .         Spirit   .   y - +0 helmet
rElec    .         Reflect  .   W - +1 cloak
rCorr    +         Harm     .   d - +2 pair of gloves {Str+3}
MR       ++...                  G - +2 pair of boots
Stlth    ..........             k - amulet of the gourmand
HPRegen  0.38/turn              C - ring of resist corrosion
MPRegen  0.15/turn              m - ring of protection from magic

@: lethally poisoned (-1 -> -37)
A: walk on water
a: Smiting, Recall Orcish Followers, Give Item to Named Follower, Resurrection,
Renounce Religion


You were on level 1 of the Spider Nest.
You worshipped Beogh.
Beogh was exalted by your worship.
You were completely stuffed.

You visited 6 branches of the dungeon, and saw 28 of its levels.
You also visited: Labyrinth.

You collected 2501 gold pieces.
You spent 1021 gold pieces at shops.

Inventory:

Hand Weapons
 a - a +2 scimitar of flaming (weapon)
   (You took it off Azrael on level 1 of the Orcish Mines)
 B - a +0 blowgun
Missiles
 Q - 7 poisoned javelins (quivered)
 R - 17 curare-tipped needles
Armour
 d - a +2 pair of gloves of strength (worn)
   (You found it on level 1 of the Dungeon)
 y - a +0 helmet (worn)
 G - a +2 pair of boots (worn)
 V - a +3 plate armour (worn)
 W - a +1 cloak (worn)
Jewellery
 c - an uncursed ring of protection from cold
 f - an uncursed ring of protection from fire
 i - an uncursed ring of see invisible
 k - an amulet of the gourmand (around neck)
 m - a ring of protection from magic (right hand)
 C - a ring of resist corrosion (left hand)
 E - a +3 ring of evasion
 F - an uncursed ring of flight
Wands
 b - a wand of disintegration (25)
 l - a wand of digging (26)
 p - a wand of acid (18)
 v - a wand of flame (163)
 A - a wand of clouds (8)
 U - a wand of iceblast (23)
Scrolls
 e - a scroll of amnesia
 h - 6 scrolls of magic mapping {!r}
 r - 5 scrolls of fear {!r}
 t - 6 scrolls of remove curse
 u - 9 scrolls of teleportation {!r}
 w - 12 scrolls of identify
 z - 2 scrolls of blinking
 D - 2 scrolls of summoning {!r}
 O - 5 scrolls of fog
Potions
 g - 5 potions of agility {!q}
 j - 2 potions of might {!q}
 n - 3 potions of invisibility {!q}
 q - 3 potions of curing
 s - 2 potions of cancellation {!q}
 H - 3 potions of haste {!q}
 J - 2 potions of resistance {!q}
 K - a potion of flight
 S - 3 potions of heal wounds {!q}
Books
 L - a Fen Folio
Miscellaneous
 I - a lightning rod (4/4) {!a}
 M - a box of beasts
Comestibles
 o - 52 rations


   Skills:
 + Level 20.2 Fighting
 - Level 14.1 Long Blades
 - Level 1.7 Throwing
 + Level 21.2 Armour
 - Level 2.4 Dodging


You had 16 spell levels left.
You didn't know any spells.

Dungeon Overview and Level Annotations

Branches:
Dungeon (15/15)            Temple (1/1) D:5            Lair (6/6) D:8
 Shoals (2/4) Lair:3       Spider (2/4) Lair:4        Slime (0/5) Lair:6
    Orc (2/2) D:10            Elf (0/3) Orc:2        Vaults (0/5) D:14
 Depths (0/5) D:15

Altars:
Ashenzari
Cheibriados
Dithmenos
Elyvilon
Fedhas
Gozag
Hepliaklqana
Kikubaaqudgha
Makhleb
Nemelex Xobeh
Okawaru
Qazlal
Ru
Sif Muna
Trog
Uskayaw
Vehumet
Wu Jian
Xom
Yredelemnul
Zin
The Shining One
Beogh

Shops:
D:4 !   D:11 [   D:13 }   D:14 =   Orc:2 %*[}[

Annotations:
Lair:4 vpUX: oklobs guarding loot, exclusion: 3 oklob plants


Message History

The wolf spider closely misses you.
Damage: 13 (max 29)
You slice the redback!! You burn the redback!
You kill the redback!
Beogh accepts your kill.
You feel sick.
The wolf spider hits you but does no damage.
The wolf spider bites you but does no damage.
The wolf spider misses you.
The wolf spider bites you but does no damage.
Damage: 2 (max 29)
You slice the wolf spider!! You burn the wolf spider.
The wolf spider is heavily wounded.
You feel sick.
The wolf spider hits you but does no damage.
The wolf spider barely misses you.
The wolf spider hits you but does no damage.
The wolf spider bites you but does no damage.
The wolf spider hits you.
* * * LOW HITPOINT WARNING * * *
The wolf spider bites you but does no damage.
You slash the wolf spider! You burn the wolf spider.
The wolf spider is severely wounded.
You feel sick. The wolf spider hits you!
* * * LOW HITPOINT WARNING * * *
The wolf spider bites you but does no damage.
The wolf spider hits you!
* * * LOW HITPOINT WARNING * * *
The wolf spider bites you.
* * * LOW HITPOINT WARNING * * *
You are more poisoned.
The wolf spider poisons you!
You slice the wolf spider!! You burn the wolf spider!
You kill the wolf spider!
Beogh accepts your kill.
* * * LOW HITPOINT WARNING * * *
You feel very sick. The wolf spider hits you.
* * * LOW HITPOINT WARNING * * *
The wolf spider barely misses you.
Unknown command.
* * * LOW HITPOINT WARNING * * *
You feel very sick.
The wolf spider hits you but does no damage.
The wolf spider closely misses you.
Damage: 44 (max 44)
* * * LOW HITPOINT WARNING * * *
You feel very sick. The wolf spider hits you.
You die...

...............^.................
.................................
....#............................
.................................
........................^........
.................................
..........^......................
............................#....
.#..............@................
###.............s>...............
####.....................(.....
##............[.............
#.........................#.
##.........................^.
###.................^..........
#...........................[..
##...#..........................


You could see a wolf spider.

Vanquished Creatures
  Rupert (Orc:1)
  Agnes (Spider:1)
  The ghost of ThereIsNoGod the Geomancer, a journeyman FoEE of Makhleb (D:12)
  2 entropy weavers
  Azrael (Orc:1)
  The ghost of ThereIsNoGod the Geomancer, a journeyman FoEE of Makhleb (D:12)
  A merfolk javelineer (Shoals:2)
  A fire dragon (Lair:6)
  A minotaur (Lab)
  3 merfolk impalers
  The ghost of cirnu the Carver, a journeyman DsFi of Makhleb (D:9)
  4 hydras
  7 vault guards
  3 centaur warriors
  8 two-headed ogres
  An ogre mage (D:15)
  2 merfolk aquamancers (Shoals:2)
  Urug (D:10)
  An orc high priest (Orc:2)
  5 skeletal warriors (D:14)
  A flayed ghost (D:13)
  9 unseen horrors
  3 wizards
  A lindwurm (Lair:6)
  29 harpies
  2 orc knights
  Pikel (D:4)
  3 deep elf magi
  4 orb spiders
  11 wolf spiders
  3 manticores (Shoals:2)
  9 fauns
  2 orc sorcerers
  8 ugly things
  8 cyclopes
  A moth of wrath (Spider:1)
  9 elephants
  8 black mambas
  A centaur zombie (D:13)
  2 molten gargoyles (Lair:6)
  5 merfolk sirens
  Maurice (D:12)
  A water nymph (Shoals:2)
  5 gargoyles
  6 spiny frogs
  A rime drake (Lair:6)
  A demonic crawler (Spider:1)
  10 komodo dragons
  The ghost of Tovarisch the Grave Robber, a novice DENe (D:4)
  4 trolls
  13 merfolk
  A polar bear (Lair:6)
  2 minotaur zombies (Lab)
  A hornet (Lair:4)
  4 wind drakes
  12 jumping spiders
  Grinder (D:3)
  3 snapping turtles (Shoals:2)
  18 blink frogs
  13 dream sheep
  12 hippogriffs
  A spriggan (shapeshifter) (D:14)
  16 redbacks
  Sigmund (D:4)
  A shadow (D:13)
  12 tarantellas
  7 water elementals
  A tarantella (shapeshifter) (D:15)
  28 yaks
  4 basilisks
  2 wraiths
  Eustachio (D:4)
  5 wyverns
  6 fire elementals
  3 steam dragons
  3 vampire mosquitoes
  5 wargs
  2 hungry ghosts
  Edmund (D:5)
  2 soldier ants
  4 acid dragons
  6 hell hounds
  Duvessa (D:5)
  A water moccasin (shapeshifter) (D:13)
  10 water moccasins
  8 porcupines
  22 orc warriors
  A slave (D:3)
  3 sky beasts
  A swamp drake (Lair:6)
  6 ice beasts
  2 black bears
  3 phantoms
  A necrophage (D:10)
  An eye of draining (D:6)
  12 ogres
  18 wolves
  36 centaurs
  6 crocodiles
  18 bullfrogs
  A wyvern zombie (D:10)
  3 big kobolds
  Dowan (D:5)
  4 scorpions
  A wyvern skeleton (D:10)
  22 killer bees
  16 wights
  7 howler monkeys
  6 crimson imps
  4 lava snakes (Lair:6)
  The ghost of Tovarisch the Grave Robber, a weakling DENe (D:3)
  A quasit (D:10)
  2 bullfrog zombies
  5 hounds
  Crazy Yiuf (D:7)
  8 orc priests
  3 jellies
  8 orc wizards
  3 bullfrog skeletons
  Ijyb (D:5)
  5 iguanas
  10 worker ants
  Natasha (thrice) (D:3)
  Robin (D:2)
  7 gnolls
  8 adders
  3 shadow imps
  An ooze (D:7)
  An adder skeleton (D:4)
  3 leopard geckos
  49 orcs
  5 bats
  3 giant cockroaches
  13 goblins
  9 hobgoblins
  5 quokkas
  7 frilled lizards
  19 kobolds
  2 quokka skeletons (D:4)
  6 rats
  A fungus (D:7)
  A plant (Shoals:2)
797 creatures vanquished.

Vanquished Creatures (collateral kills)
  A catoblepas (D:13)
  2 two-headed ogres (D:15)
  A sea snake (Shoals:1)
  10 harpies (Shoals:1)
  4 fauns (Shoals:1)
  2 manticores (Shoals:1)
  A merfolk siren (Shoals:1)
  A gargoyle (D:15)
  2 merfolk (Shoals:1)
  2 dream sheep (Shoals:2)
  3 orc warriors (Orc:2)
  An ice beast (D:14)
  A centaur (Orc:2)
  A crocodile (D:14)
  A crimson imp (D:15)
  An orc wizard (Shoals:2)
  6 plants
40 creatures vanquished.

Vanquished Creatures (others)
  4 orc knights
  An orc sorcerer (D:15)
  2 redbacks (Spider:1)
  6 orc wizards
  A slave (D:4)
  6 orc warriors
  4 orc priests
  8 orcs
  6 fungi
  12 plants
  12 tentacles (Shoals:2)
62 creatures vanquished.

Grand Total: 899 creatures vanquished

Notes
Turn   | Place    | Note
-------+----------+-------------------------------------------
     0 | D:1      | Gorice the Hill Orc Gladiator began the quest for the Orb.
     0 | D:1      | Reached XP level 1. HP: 18/18 MP: 1/1
   185 | D:1      | Reached XP level 2. HP: 22/25 MP: 2/2
   217 | D:1      | Reached skill level 4 in Long Blades
  1040 | D:2      | Found a burning altar of Makhleb.
  1092 | D:2      | Reached XP level 3. HP: 30/30 MP: 3/3
  1223 | D:2      | Found a stormy altar of Qazlal.
  1501 | D:2      | Noticed Robin
  1533 | D:2      | Killed Robin
  1533 | D:2      | Reached skill level 5 in Long Blades
  1603 | D:2      | Reached XP level 4. HP: 37/37 MP: 4/4
  1604 | D:2      | Found a glowing golden altar of the Shining One.
  1709 | D:2      | Found an opulent altar of Gozag.
  1917 | D:3      | Noticed Natasha
  1922 | D:3      | Killed Natasha
  1925 | D:3      | Noticed Tovarisch's ghost (weakling DENe)
  2237 | D:3      | Noticed Natasha
  2251 | D:3      | HP: 7/37 [Natasha (5)]
  2253 | D:3      | Killed Natasha
  2253 | D:3      | Reached skill level 6 in Long Blades
  2253 | D:3      | Reached XP level 5. HP: 8/42 MP: 5/5
  2661 | D:3      | Killed Tovarisch's ghost
  2661 | D:3      | Reached skill level 1 in Armour
  2864 | D:3      | Noticed Natasha
  2875 | D:3      | Killed Natasha
  3196 | D:3      | Noticed Grinder
  3209 | D:3      | Paralysed by Grinder for 5 turns
  3224 | D:3      | Killed Grinder
  3224 | D:3      | Reached skill level 7 in Long Blades
  3224 | D:3      | Reached skill level 2 in Armour
  3224 | D:3      | Reached XP level 6. HP: 31/50 MP: 6/6
  3426 | D:4      | Noticed a slave
  3426 | D:4      | Noticed Tovarisch's ghost (novice DENe)
  3443 | D:3      | Reached skill level 8 in Long Blades
  3443 | D:3      | Reached skill level 3 in Armour
  3443 | D:3      | Reached XP level 7. HP: 18/56 MP: 7/7
  3446 | D:3      | HP: 16/56 [slave[Pikel] (2)]
  3956 | D:4      | Killed Tovarisch's ghost
  3956 | D:4      | Reached skill level 4 in Armour
  4501 | D:4      | Reached skill level 9 in Long Blades
  4517 | D:4      | Noticed Pikel
  4537 | D:4      | Killed Pikel
  4537 | D:4      | Reached skill level 10 in Long Blades
  4537 | D:4      | Reached skill level 5 in Armour
  4537 | D:4      | Reached XP level 8. HP: 45/62 MP: 8/8
  4727 | D:4      | Noticed Sigmund
  4731 | D:4      | Killed Sigmund
  4742 | D:4      | Found Degeolie's Distillery.
  4918 | D:4      | Noticed Eustachio
  5051 | D:4      | Killed Eustachio
  5051 | D:4      | Reached skill level 6 in Armour
  5289 | D:5      | Entered Level 5 of the Dungeon
  5294 | D:5      | Found a staircase to the Ecumenical Temple.
  5322 | D:5      | Reached XP level 9. HP: 68/68 MP: 9/9
  5326 | Temple   | Entered the Ecumenical Temple
  5510 | D:5      | Noticed Dowan
  5549 | D:5      | Noticed Duvessa
  5550 | D:5      | Noticed Ijyb
  5559 | D:5      | Killed Duvessa
  5559 | D:5      | Reached skill level 11 in Long Blades
  5564 | D:5      | Killed Ijyb
  5571 | D:5      | HP: 18/68 [Dowan/shard of ice (9)]
  5594 | D:5      | Killed Dowan
  6193 | D:5      | Noticed Edmund
  6212 | D:5      | Killed Edmund
  6419 | D:6      | Reached skill level 7 in Armour
  6679 | D:6      | Reached skill level 12 in Long Blades
  7362 | D:7      | Reached skill level 8 in Armour
  7410 | D:7      | Found a bloodstained altar of Trog.
  7412 | D:7      | Found an iron altar of Okawaru.
  7413 | D:7      | Found a hide-covered altar of Uskayaw.
  7413 | D:7      | Found a sacrificial altar of Ru.
  7517 | D:7      | Reached XP level 10. HP: 52/74 MP: 10/10
  7892 | D:7      | Reached skill level 13 in Long Blades
  7909 | D:7      | Found a shimmering altar of Xom.
  8169 | D:7      | Found a runed door.
  8173 | D:7      | Noticed Crazy Yiuf
  8175 | D:7      | Killed Crazy Yiuf
  8291 | D:8      | Noticed a two-headed ogre
  8303 | D:8      | Killed a two-headed ogre
  8609 | D:8      | Found a staircase to the Lair.
  8658 | D:8      | Reached skill level 9 in Armour
  8904 | D:8      | Noticed a two-headed ogre
  8930 | D:8      | Killed a two-headed ogre
  9089 | D:8      | Noticed a two-headed ogre
  9102 | D:8      | Killed a two-headed ogre
  9102 | D:8      | Reached skill level 14 in Long Blades
  9102 | D:8      | Reached skill level 10 in Armour
  9191 | D:8      | Reached skill level 3 in Fighting
  9227 | D:8      | Reached XP level 11. HP: 40/83 MP: 11/11
  9247 | D:8      | Reached skill level 4 in Fighting
  9371 | D:8      | Noticed a two-headed ogre
  9383 | D:8      | Killed a two-headed ogre
  9383 | D:8      | Reached skill level 5 in Fighting
  9611 | D:8      | Noticed a centaur warrior
  9627 | D:8      | HP: 23/89 [centaur warrior (10)]
  9635 | D:8      | Killed a centaur warrior
  9635 | D:8      | Reached skill level 6 in Fighting
 10192 | D:8      | Reached skill level 7 in Fighting
 10530 | Lair:1   | Entered Level 1 of the Lair of Beasts
 10565 | D:8      | HP: 27/92 [poisoned by a black mamba]
 10570 | D:8      | HP: 25/92 [poisoned by a black mamba]
 10575 | D:8      | HP: 25/92 [poisoned by a black mamba]
 10582 | D:8      | HP: 24/92 [poisoned by a black mamba]
 10590 | D:8      | HP: 24/92 [poisoned by a black mamba]
 10886 | D:8      | Reached skill level 11 in Armour
 10923 | D:8      | HP: 27/94 [poisoned by a spiny frog]
 10930 | D:8      | HP: 28/94 [yak (2)]
 10936 | D:8      | HP: 28/94 [yak (1)]
 10944 | D:8      | Reached skill level 8 in Fighting
 11796 | Lair:1   | Reached skill level 9 in Fighting
 12276 | Lair:1   | Noticed Sonja
 12278 | Lair:1   | Noticed Sonja
 12278 | Lair:1   | Sonja changed into Sonja the black mamba
 12362 | Lair:1   | Killed Sonja the black mamba
 13035 | Lair:2   | Reached skill level 10 in Fighting
 13073 | Lair:2   | Reached XP level 12. HP: 103/106 MP: 12/12
 13660 | Lair:2   | Reached skill level 11 in Fighting
 13665 | Lair:2   | Reached skill level 12 in Armour
 14839 | Lair:3   | Reached skill level 12 in Fighting
 14863 | Lair:3   | Found a staircase to the Shoals.
 16098 | Lair:4   | Reached skill level 13 in Fighting
 16577 | Lair:4   | Reached skill level 13 in Armour
 16707 | Lair:4   | Found a hole to the Spider Nest.
 16721 | Lair:4   | Reached XP level 13. HP: 91/123 MP: 13/13
 16860 | Lair:4   | Noticed Nessos
 16861 | Lair:4   | Noticed Nessos
 16861 | Lair:4   | Nessos changed into Nessos the redback
 16868 | Lair:4   | Killed Nessos the redback
 17336 | Lair:3   | Reached skill level 14 in Fighting
 19182 | Lair:6   | Entered Level 6 of the Lair of Beasts
 19738 | Lair:6   | Reached skill level 15 in Fighting
 20459 | Lair:6   | Found a staircase to the Slime Pits.
 20669 | Lair:6   | Reached skill level 14 in Armour
 20670 | Lair:6   | HP: 34/128 [molten gargoyle/bolt of magma (19)]
 20673 | Lair:6   | HP: 14/128 [molten gargoyle/bolt of magma (20)]
 21068 | Lair:6   | HP: 34/128 [four-headed hydra (11)]
 21094 | Lair:6   | HP: 38/128 [black mamba (1)]
 21099 | Lair:6   | HP: 38/128 [black mamba (1)]
 21641 | Lair:6   | Reached skill level 16 in Fighting
 22080 | Lair:6   | HP: 27/128 [molten gargoyle/bolt of magma (15)]
 22082 | Lair:6   | HP: 7/128 [molten gargoyle/bolt of magma (20)]
 22115 | Lair:6   | HP: 27/128 [water moccasin (2)]
 22121 | Lair:6   | HP: 22/128 [poisoned by a water moccasin]
 22128 | Lair:6   | HP: 21/128 [poisoned by a water moccasin]
 22136 | Lair:6   | HP: 21/128 [poisoned by a water moccasin]
 22829 | Lair:6   | Noticed a fire dragon
 23032 | Lair:6   | Reached XP level 14. HP: 97/137 MP: 14/14
 23165 | Lair:6   | Found a large runed door.
 23165 | Lair:6   | Found a large runed door.
 23567 | Lair:1   | Upgraded the game from 0.22-a0-110-g5b255cf to 0.22-a0-113-gdd6f4a9
 23620 | D:9      | Found an iron altar of Okawaru.
 23694 | D:9      | Noticed cirnu's ghost (journeyman DsFi)
 23742 | D:9      | Killed cirnu's ghost
 23968 | D:9      | Reached skill level 15 in Armour
 24559 | D:9      | Found a white marble altar of Elyvilon.
 24559 | D:9      | Found a blossoming altar of Fedhas.
 24577 | D:9      | Found Fudoefo's Magic Scroll Shoppe.
 24617 | D:10     | Entered Level 10 of the Dungeon
 24617 | D:10     | Noticed Urug
 24649 | D:10     | Killed Urug
 24692 | D:10     | Became a worshipper of Beogh the Brigand
 24953 | D:10     | Found a staircase to the Orcish Mines.
 25108 | D:10     | Reached * piety under Beogh
 25716 | Orc:1    | Entered Level 1 of the Orcish Mines
 25939 | Orc:1    | Found a roughly hewn altar of Beogh.
 26165 | Orc:2    | Entered Level 2 of the Orcish Mines
 26274 | Orc:2    | Found a staircase to the Elven Halls.
 26347 | Orc:2    | Reached ** piety under Beogh
 26368 | Orc:2    | Noticed Rupert
 26651 | Orc:1    | Killed Rupert
 27250 | Orc:2    | Found Qulan's Antique Armour Boutique.
 27250 | Orc:2    | Noticed Azrael
 27524 | Orc:1    | HP: 40/138 [fire elemental[Azrael] (3)]
 27866 | Orc:1    | Killed Azrael
 27866 | Orc:1    | Reached skill level 16 in Armour
 28122 | Orc:2    | Reached skill level 17 in Fighting
 28141 | Orc:2    | Found a roughly hewn altar of Beogh.
 28508 | Orc:1    | Reached *** piety under Beogh
 29484 | Orc:2    | Found Zoaptofuwe's Armour Emporium.
 29484 | Orc:2    | Found Wiplia's Assorted Antiques.
 29486 | Orc:2    | Found Supraob's Food Shop.
 29488 | Orc:2    | Found Riuxtiyr's Gadget Shoppe.
 29496 | Orc:2    | Bought a lumpy blue potion for 31 gold pieces
 29567 | Orc:2    | Bought a runed cloak for 150 gold pieces
 29865 | D:4      | Bought a potion of haste for 140 gold pieces
 29865 | D:4      | Bought a potion of resistance for 140 gold pieces
 30359 | D:11     | Found Lott's Antique Armour Shoppe.
 31221 | D:12     | Noticed Maurice
 31231 | D:12     | Killed Maurice
 31283 | D:12     | Noticed ThereIsNoGod's ghost (journeyman FoEE)
 31312 | D:12     | Killed ThereIsNoGod's ghost
 31499 | D:12     | Noticed ThereIsNoGod's ghost (journeyman FoEE)
 31538 | D:12     | Killed ThereIsNoGod's ghost
 31614 | D:12     | Reached XP level 15. HP: 141/147 MP: 15/15
 31674 | D:12     | Reached skill level 17 in Armour
 31723 | D:12     | Reached **** piety under Beogh
 32426 | D:13     | HP: 39/147 [flayed ghost/flay_damage (19)]
 33285 | D:13     | Found Qeotes's Gadget Emporium.
 33812 | D:14     | Found a labyrinth entrance.
 33830 | D:14     | Found Qategepn's Jewellery Boutique.
 33836 | D:14     | Reached ***** piety under Beogh
 33845 | Lab      | Entered a labyrinth
 34233 | Lab      | Got an iridescent battleaxe
 34234 | Lab      | Identified the +1 battleaxe of Equivalence {venom, Dex+4} (You found it in a labyrinth)
 34270 | Lab      | Reached skill level 18 in Fighting
 34291 | D:14     | Found a basalt altar of Yredelemnul.
 34563 | D:14     | Reached skill level 18 in Armour
 34606 | D:14     | Bought an uncursed ring of see invisible for 210 gold pieces
 34606 | D:14     | Bought an uncursed ring of protection from cold for 350 gold pieces
 34843 | D:14     | Found a burning altar of Makhleb.
 34899 | D:14     | Found a gate to the Vaults.
 35322 | D:13     | Gained Bogmar as an ally
 35627 | D:14     | Your ally Bogmar died
 36193 | D:15     | Entered Level 15 of the Dungeon
 36669 | D:15     | Reached XP level 16. HP: 147/159 MP: 16/16
 36683 | D:15     | Found a staircase to the Depths.
 37153 | D:13     | Reached skill level 19 in Armour
 37509 | Spider:1 | Entered Level 1 of the Spider Nest
 37815 | Spider:1 | Noticed Agnes
 37855 | Lair:4   | HP: 39/159 [tarantella (9)]
 37860 | Lair:4   | HP: 37/159 [tarantella (6)]
 37861 | Lair:4   | HP: 16/159 [jumping spider (12)]
 38320 | Shoals:1 | Entered Level 1 of the Shoals
 38344 | Shoals:1 | Gained Herok as an ally
 38344 | Shoals:1 | Gained Wargrak as an ally
 38431 | Shoals:1 | Gained Orkrul as an ally
 38667 | Shoals:1 | Your ally Wargrak died
 38671 | Shoals:1 | Your ally Orkrul died
 38704 | Shoals:1 | Reached skill level 19 in Fighting
 39094 | Shoals:1 | Reached ****** piety under Beogh
 39418 | Shoals:1 | Reached skill level 20 in Armour
 40180 | Shoals:2 | Your ally Herok died
 40754 | Shoals:2 | Noticed a kraken
 40843 | Shoals:2 | HP: 47/161 [drowned by a water elemental (4)]
 40847 | Shoals:2 | HP: 22/161 [drowned by a water elemental (5)]
 40848 | Shoals:2 | HP: 5/161 [water elemental (13)]
 41668 | Shoals:2 | Gained Bogbrand as an ally
 41890 | Shoals:2 | Your ally Bogbrand died
 42012 | Shoals:2 | Reached XP level 17. HP: 109/169 MP: 17/17
 43416 | Spider:1 | Reached skill level 21 in Armour
 43730 | Spider:1 | Killed Agnes
 43730 | Spider:1 | Reached skill level 20 in Fighting
 44108 | Spider:1 | HP: 50/170 [tarantella (14)]
 44109 | Spider:1 | HP: 18/170 [moth of wrath (11)]
 45241 | Spider:1 | HP: 51/170 [wolf spider (8)]
 45244 | Spider:1 | HP: 18/170 [wolf spider (13)]
 45245 | Spider:1 | HP: 8/170 [wolf spider (5)]
 45247 | Spider:1 | HP: 2/170 [poisoned by a wolf spider]
 45247 | Spider:1 | Slain by a wolf spider

Vault maps used:
D:1:      minmay_arrival_glassed_features, nrook_mini_backslash
D:2:      lemuel_crystal_altar, lightli_temple_of_fire, grunt_qazlal_clouds,
          serial_curves, eino_curves_02, eino_curves_03,
          nicolae_tso_swordbearing_angel, uniq_robin
D:3:      uniq_natasha, uniq_grinder
D:4:      minmay_wonky_spiral, first_ration, serial_shops, nicolae_shop_trees,
          serial_park_tiny_pond, uniq_pikel, uniq_eustachio, uniq_sigmund
D:5:      minmay_temple_entry_butterflies, serial_corexii_hall,
          corexii_hall_statues_i, corexii_hall_statues_t,
          corexii_hall_statues_u, corexii_hall_statues_i, uniq_ijyb,
          uniq_edmund, uniq_duvessa
D:7:      chequers_temple_overflow_statue_of_worship, basic_altar,
          uniq_crazy_yiuf_cottage
D:8:      minmay_imperfect_grid
D:9:      gammafunk_temple_overflow_wave, serial_shops, shop, basic_altar
D:10:     erik_orc_4, serial_glass, glass_columns_b, glass_columns_a,
          glass_columns_a, glass_columns_a, uniq_urug
D:11:     serial_shops, shop, grunt_ogre_cave, minmay_misc_feat_four_crosses
D:12:     uniq_maurice
D:13:     minmay_textured_paths, serial_shops, kennysheep_little_box
D:14:     erik_vaults_2, basic_altar, serial_shops, shop, lab_entry_generic,
          yredelemnul_altar_generic, wad_dig_loot
D:15:     grunt_enter_depths_magical_seal, hex_medium
Temple:   cyrus_circular_temple
Lair:1:   serial_bayou_shore_b, uniq_sonja
Lair:2:   serial_bayou_lagoon_a, grunt_megastairs_5
Lair:3:   minmay_shoals_entry_centaurs
Lair:4:   spider_nest_entry_funnel_web, st_stairs_6, lemuel_old_faithful,
          minmay_lair_oklob_chamber, uniq_nessos
Lair:5:   grunt_megastairs_2
Lair:6:   cheibrodos_lair_end_hotspot, dpeg_slime_entry_corner,
          guppyfry_lair_drakes
Shoals:2: cheibrodos_shoals_baths
Spider:1: uniq_agnes
Orc:1:    basic_altar
Orc:2:    st_orc_rangers, serial_shops, nicolae_shop_waterfront, mines2_david,
          uniq_azrael, uniq_rupert
Lab:      labyrinth_hidden_loot, labyrinth_lava_lair

Skill      XL: |  1  2  3  4  5  6  7  8  9 10 11 12 13 14 15 16 17 |
---------------+----------------------------------------------------+-----
Long Blades    | 4 5 6 7 8 10 12 14 | 14.1
Armour         | 2 3 5 6 8 10 11 13 14 16 18 20 21 | 21.2
Fighting       | 3 10 13 16 17 18 19 20 | 20.2
Throwing       | |  1.7
Dodging        | |  2.4

Action                   |  1- 3 |  4- 6 |  7- 9 | 10-12 | 13-15 | 16-18 || total
-------------------------+-------+-------+-------+-------+-------+-------++-------
Melee: Long sword        |    24 |       |    10 |    21 |       |       ||    55
       Dagger            |    81 |    86 |   271 |   856 |  1418 |       ||  2712
       Scimitar          |       |       |       |       |   952 |   703 ||  1655
Throw: Stone             |       |     9 |     8 |    25 |       |       ||    42
       Throwing net      |       |       |       |     7 |     2 |     1 ||    10
       Tomahawk          |       |       |       |    40 |    56 |     3 ||    99
       Javelin           |       |       |       |       |       |    21 ||    21
Invok: Convert to Beogh  |       |       |       |       |     1 |       ||     1
       Recall Orcish Fol |       |       |       |       |       |     2 ||     2
       Smiting           |       |       |       |       |       |     1 ||     1
Evoke: Wand              |       |     4 |     6 |     7 |    17 |    22 ||    56
  Use: Scroll            |     4 |     5 |     9 |     9 |    10 |     4 ||    41
       Potion            |       |       |       |     1 |     5 |     4 ||    10
 Stab: Sleeping          |     1 |       |       |       |       |       ||     1
       Held in net/web   |       |       |       |    10 |     3 |       ||    13
       Distracted        |       |       |       |       |     4 |     1 ||     5
  Eat: Chunk             |    13 |     4 |    15 |    34 |    71 |    28 ||   165
Armor: Leather armour    |    26 |    26 |       |       |       |       ||    52
       Ring mail         |       |    20 |    84 |       |       |       ||   104
       Chain mail        |       |       |    59 |   156 |       |       ||   215
       Plate armour      |       |       |       |   225 |  1554 |  1005 ||  2784
Dodge: Dodged            |    59 |    65 |   120 |   208 |   715 |   647 ||  1814
       Rpst.: Long sword |     2 |       |     1 |     2 |       |       ||     5
       Scimitar          |       |       |       |       |    67 |   138 ||   205

Table legend:
 A = Spawn XP
 B = Non-spawn XP
 C = Spawn XP percentage of total XP
 D = Spawn monster count
 E = Non-spawn monster count
 F = Spawn count percentage of total count
 G = Total turns spent on level
                    A         B        C        D         E        F      G
               +---------+---------+-------+---------+---------+-------+---------
         Total |       0 |  201191 |   0.0 |       0 |     827 |   0.0 | 45247
               +---------+---------+-------+---------+---------+-------+---------
           D:1 |       0 |      31 |   0.0 |       0 |      23 |   0.0 |   977
           D:2 |       0 |      68 |   0.0 |       0 |      24 |   0.0 |  1152
           D:3 |       0 |     621 |   0.0 |       0 |      18 |   0.0 |  1940
           D:4 |       0 |    1628 |   0.0 |       0 |      17 |   0.0 |  1307
           D:5 |       0 |     697 |   0.0 |       0 |      14 |   0.0 |  1002
           D:6 |       0 |    1390 |   0.0 |       0 |      14 |   0.0 |   982
           D:7 |       0 |    1079 |   0.0 |       0 |      19 |   0.0 |  1409
           D:8 |       0 |    9189 |   0.0 |       0 |      47 |   0.0 |  2743
           D:9 |       0 |    3087 |   0.0 |       0 |      33 |   0.0 |  1256
          D:10 |       0 |    3621 |   0.0 |       0 |      31 |   0.0 |  1207
          D:11 |       0 |    3530 |   0.0 |       0 |      25 |   0.0 |  1002
          D:12 |       0 |    9988 |   0.0 |       0 |      32 |   0.0 |  1266
          D:13 |       0 |   13091 |   0.0 |       0 |      49 |   0.0 |  1794
          D:14 |       0 |   17502 |   0.0 |       0 |      44 |   0.0 |  1428
          D:15 |       0 |    7928 |   0.0 |       0 |      19 |   0.0 |   925
        Lair:1 |       0 |    3157 |   0.0 |       0 |      15 |   0.0 |  2463
        Lair:2 |       0 |    4441 |   0.0 |       0 |      21 |   0.0 |  1481
        Lair:3 |       0 |    5292 |   0.0 |       0 |      16 |   0.0 |  1700
        Lair:4 |       0 |   15596 |   0.0 |       0 |      53 |   0.0 |  3365
        Lair:5 |       0 |    5003 |   0.0 |       0 |      21 |   0.0 |  1684
        Lair:6 |       0 |   15516 |   0.0 |       0 |      55 |   0.0 |  3813
      Shoals:1 |       0 |   30250 |   0.0 |       0 |      70 |   0.0 |  2246
      Shoals:2 |       0 |   18403 |   0.0 |       0 |      45 |   0.0 |  1636
      Spider:1 |       0 |   13566 |   0.0 |       0 |      29 |   0.0 |  1871
      Spider:2 |       0 |    1380 |   0.0 |       0 |       3 |   0.0 |   102
         Orc:1 |       0 |    8063 |   0.0 |       0 |      39 |   0.0 |  2608
         Orc:2 |       0 |    5363 |   0.0 |       0 |      48 |   0.0 |  1393
           Lab |       0 |    1711 |   0.0 |       0 |       3 |   0.0 |   431
               +---------+---------+-------+---------+---------+-------+---------

Table legend:
 A = Turns spent in this place as a percentage of turns spent in the entire game.
 B = Non-inter-level travel turns spent in this place as a percentage of non-inter-level travel turns spent in the entire game.
 C = Inter-level travel turns spent in this place as a percentage of turns spent in this place.
 D = Turns resting spent in this place as a percentage of non-inter-level travel turns spent in this place.
 E = Turns spent auto-exploring this place as a percentage of non-inter-level travel turns spent in this place.
 F = Non-inter-level travel turns spent in this place divided by the number of levels of this place that you've seen.
                   A       B       C       D       E      F
               +-------+-------+-------+-------+-------+----------------------
         Total | 100.0 | 100.0 |   5.3 |  40.0 |  31.7 | 1478.0
       Dungeon |  45.1 |  43.9 |   7.8 |  30.1 |  40.3 | 1253.4
        Temple |   0.1 |   0.1 |  12.5 |   0.0 |  96.4 |  56.0
          Lair |  32.1 |  32.2 |   4.8 |  45.3 |  32.8 | 2302.0
        Shoals |   8.6 |   9.0 |   0.3 |  47.7 |  17.9 | 1934.5
   Spider Nest |   4.4 |   4.6 |   0.0 |  63.6 |  10.0 | 986.5
  Orcish Mines |   8.8 |   9.1 |   2.0 |  54.1 |  13.6 | 1960.0
     Labyrinth |   1.0 |   1.0 |   0.0 |   0.0 |   0.0 | 431.0
               +-------+-------+-------+-------+-------+----------------------

Vault maps used:
D:1:      minmay_arrival_glassed_features, nrook_mini_backslash
D:2:      lemuel_crystal_altar, lightli_temple_of_fire, grunt_qazlal_clouds,
          serial_curves, eino_curves_02, eino_curves_03,
          nicolae_tso_swordbearing_angel, uniq_robin
D:3:      uniq_natasha, uniq_grinder
D:4:      minmay_wonky_spiral, first_ration, serial_shops, nicolae_shop_trees,
          serial_park_tiny_pond, uniq_pikel, uniq_eustachio, uniq_sigmund
D:5:      minmay_temple_entry_butterflies, serial_corexii_hall,
          corexii_hall_statues_i, corexii_hall_statues_t,
          corexii_hall_statues_u, corexii_hall_statues_i, uniq_ijyb,
          uniq_edmund, uniq_duvessa
D:7:      chequers_temple_overflow_statue_of_worship, basic_altar,
          uniq_crazy_yiuf_cottage
D:8:      minmay_imperfect_grid
D:9:      gammafunk_temple_overflow_wave, serial_shops, shop, basic_altar
D:10:     erik_orc_4, serial_glass, glass_columns_b, glass_columns_a,
          glass_columns_a, glass_columns_a, uniq_urug
D:11:     serial_shops, shop, grunt_ogre_cave, minmay_misc_feat_four_crosses
D:12:     uniq_maurice
D:13:     minmay_textured_paths, serial_shops, kennysheep_little_box
D:14:     erik_vaults_2, basic_altar, serial_shops, shop, lab_entry_generic,
          yredelemnul_altar_generic, wad_dig_loot
D:15:     grunt_enter_depths_magical_seal, hex_medium
Temple:   cyrus_circular_temple
Lair:1:   serial_bayou_shore_b, uniq_sonja
Lair:2:   serial_bayou_lagoon_a, grunt_megastairs_5
Lair:3:   minmay_shoals_entry_centaurs
Lair:4:   spider_nest_entry_funnel_web, st_stairs_6, lemuel_old_faithful,
          minmay_lair_oklob_chamber, uniq_nessos
Lair:5:   grunt_megastairs_2
Lair:6:   cheibrodos_lair_end_hotspot, dpeg_slime_entry_corner,
          guppyfry_lair_drakes
Shoals:2: cheibrodos_shoals_baths
Spider:1: uniq_agnes
Orc:1:    basic_altar
Orc:2:    st_orc_rangers, serial_shops, nicolae_shop_waterfront, mines2_david,
          uniq_azrael, uniq_rupert
Lab:      labyrinth_hidden_loot, labyrinth_lava_lair
